| TOP OF THE 1ST |
|
Gwinnett Braves batting - Pitching for Las Vegas 51s : RHP Felipe Hinojosa
|
|
Pitching: RHP Felipe Hinojosa
|
|
|
Batting: LHB Davey Schonewille
|
0-0: Called Strike 0-1: Swinging Strike 0-2: Strikes out swinging
|
|
Batting: RHB Luis Revilla
|
0-0: SINGLE (Line Drive, 9S, EV 96.3 MPH)
|
|
Batting: RHB Bill Turnbull
|
0-0: Called Strike 0-1: Ground out U3 (Groundball, 34S, EV 68.8 MPH) Luis Revilla to second
|
|
Batting: LHB Otte Klijnsma
|
0-0: Called Strike 0-1: Ball 1-1: Swinging Strike 1-2: Ground out U3 (Groundball, 3L, EV 108.8 MPH)
|
| Top of the 1st over - 0 runs, 1 hit, 0 errors, 1 left on base; Gwinnett 0 - Las Vegas 0 |
| BOTTOM OF THE 1ST |
|
Las Vegas 51s batting - Pitching for Gwinnett Braves : RHP Chong-hun Park
|
|
Pitching: RHP Chong-hun Park
|
|
|
Batting: RHB Jordan Martin
|
0-0: Foul Ball, location: 2F 0-1: Ball 1-1: Ball 2-1: Ground out 5-3 (Groundball, 56, EV 97.5 MPH)
|
|
Batting: LHB Adam Hairston
|
0-0: Ball 1-0: Fly out, F8 (Flyball, 78M, EV 97.5 MPH)
|
|
Batting: SHB Roberto Magne
|
0-0: Called Strike 0-1: Swinging Strike 0-2: Fly out, F9 (Line Drive, 9, EV 91.9 MPH)
|
| Bottom of the 1st over - 0 runs, 0 hits, 0 errors, 0 left on base; Gwinnett 0 - Las Vegas 0 |
| TOP OF THE 2ND |
|
Gwinnett Braves batting - Pitching for Las Vegas 51s : RHP Felipe Hinojosa
|
|
Batting: RHB Ian Sousa
|
0-0: Ball 1-0: Ball 2-0: Ball 3-0: Called Strike 3-1: Foul Ball, location: 2F 3-2: Base on Balls
|
|
Batting: RHB T.J. Jordan
|
0-0: Swinging Strike 0-1: Ball Ian Sousa steals 2nd, throwing error, E2 Ian Sousa to third 1-1: Single, Error in OF, E7, batter to second base (Line Drive, 5L, EV 103.1 MPH) Ian Sousa scores
|
|
Batting: LHB Kevin Waddell
|
0-0: Ground out 4-3 (Groundball, 4MS, EV 67.5 MPH) T.J. Jordan to third
|
|
Batting: RHB Ethan McCullough
|
0-0: Swinging Strike 0-1: Ball 1-1: Ground out 4-3 (Groundball, 34, EV 86.9 MPH) T.J. Jordan scores
|
|
Batting: RHB Danny Heikkila
|
0-0: Foul Ball, location: 2F 0-1: Ball 1-1: Foul Ball, location: 2F 1-2: SINGLE (Line Drive, 78S, EV 88.1 MPH)
|
|
Batting: LHB Davey Schonewille
|
0-0: Ball 1-0: Ground out 5-3 (Groundball, 56S, EV 65.6 MPH)
|
| Top of the 2nd over - 2 runs, 2 hits, 2 errors, 1 left on base; Gwinnett 2 - Las Vegas 0 |
| BOTTOM OF THE 2ND |
|
Las Vegas 51s batting - Pitching for Gwinnett Braves : RHP Chong-hun Park
|
|
Batting: SHB Josh Schultze
|
0-0: Foul Ball, location: 2F 0-1: Swinging Strike 0-2: Ground out U3 (Groundball, 13, EV 83.1 MPH)
|
|
Batting: SHB Billy Encinias
|
0-0: Called Strike 0-1: Foul Ball, location: 2F 0-2: Ball 1-2: Ball 2-2: Ball 3-2: Fly out, F8 (Line Drive, 8RD, EV 96.3 MPH)
|
|
Batting: LHB Sal Fernandez
|
0-0: Called Strike 0-1: Swinging Strike 0-2: Ball 1-2: Ball 2-2: Ball 3-2: Fly out, F8 (Line Drive, 8LM, EV 93.1 MPH)
|
| Bottom of the 2nd over - 0 runs, 0 hits, 0 errors, 0 left on base; Gwinnett 2 - Las Vegas 0 |
| TOP OF THE 3RD |
|
Gwinnett Braves batting - Pitching for Las Vegas 51s : RHP Felipe Hinojosa
|
|
Batting: RHB Luis Revilla
|
0-0: Ball 1-0: Ball 2-0: Called Strike 2-1: Foul Ball, location: 2F 2-2: Fly out, F8 (Flyball, 8LXD, EV 95.6 MPH)
|
|
Batting: RHB Bill Turnbull
|
0-0: Foul Ball, location: 2F 0-1: Ball 1-1: Ball 2-1: Ball 3-1: Called Strike 3-2: Strikes out looking
|
|
Batting: LHB Otte Klijnsma
|
0-0: Called Strike 0-1: Ball 1-1: Foul Ball, location: 2F 1-2: Ball 2-2: Ground out 5-3 (Groundball, 56, EV 79.4 MPH)
|
| Top of the 3rd over - 0 runs, 0 hits, 0 errors, 0 left on base; Gwinnett 2 - Las Vegas 0 |
| BOTTOM OF THE 3RD |
|
Las Vegas 51s batting - Pitching for Gwinnett Braves : RHP Chong-hun Park
|
|
Batting: RHB Mike Titus
|
0-0: Called Strike 0-1: Ball 1-1: Foul Ball, location: 2F 1-2: Ball 2-2: Ball 3-2: Fly out, F9 (Line Drive, 9S, EV 104.4 MPH)
|
|
Batting: RHB Leon Edwards
|
0-0: Ball 1-0: Foul Ball, location: 2F 1-1: Ball 2-1: Swinging Strike 2-2: Ball 3-2: Base on Balls
|
|
Batting: LHB Ben Goldstein
|
0-0: Called Strike 0-1: Ball 1-1: Foul Ball, location: 2F 1-2: Fielders Choice at 2nd, 3-6 (Groundball, 3, EV 96.9 MPH)
|
|
Batting: RHB Jordan Martin
|
0-0: Ball 1-0: Ball 2-0: Ball 3-0: Base on Balls Ben Goldstein to second
|
|
Batting: LHB Adam Hairston
|
0-0: Ball 1-0: SINGLE (Groundball, 3S, EV 68.1 MPH) (infield hit) Ben Goldstein to third Jordan Martin to second
|
|
Batting: SHB Roberto Magne
|
0-0: Fly out, F7 (Flyball, 78S, EV 86.3 MPH)
|
| Bottom of the 3rd over - 0 runs, 1 hit, 0 errors, 3 left on base; Gwinnett 2 - Las Vegas 0 |
| TOP OF THE 4TH |
|
Gwinnett Braves batting - Pitching for Las Vegas 51s : RHP Felipe Hinojosa
|
|
Batting: RHB Ian Sousa
|
0-0: Ball 1-0: Fly out, F7 (Flyball, 7, EV 80.0 MPH)
|
|
Batting: RHB T.J. Jordan
|
0-0: Ball 1-0: Called Strike 1-1: Ball 2-1: Foul Ball, location: 2F 2-2: Foul Ball, location: 2F 2-2: Ball 3-2: Base on Balls
|
|
Batting: LHB Kevin Waddell
|
0-0: Fly out, F9 (Flyball, 9LS, EV 90.6 MPH)
|
|
Batting: RHB Ethan McCullough
|
0-0: Swinging Strike 0-1: Fly out, F4 (Popup, 34, EV 55.0 MPH)
|
| Top of the 4th over - 0 runs, 0 hits, 0 errors, 1 left on base; Gwinnett 2 - Las Vegas 0 |
| BOTTOM OF THE 4TH |
|
Las Vegas 51s batting - Pitching for Gwinnett Braves : RHP Chong-hun Park
|
|
Batting: SHB Josh Schultze
|
0-0: Ground out 5-3 (Groundball, 56S, EV 74.4 MPH)
|
|
Batting: SHB Billy Encinias
|
0-0: DOUBLE (Line Drive, 9LM, EV 95.6 MPH)
|
|
Batting: LHB Sal Fernandez
|
0-0: Fly out, F7 (Flyball, 7LD, EV 91.9 MPH)
|
|
Batting: RHB Mike Titus
|
0-0: Foul Ball, location: 2F 0-1: SINGLE (Line Drive, 9S, EV 101.9 MPH) Billy Encinias to third Runner from 3rd tries for Home, SAFE, throw by RF to home
|
|
Batting: RHB Leon Edwards
|
0-0: Called Strike 0-1: Ball 1-1: Swinging Strike 1-2: Strikes out swinging
|
| Bottom of the 4th over - 1 run, 2 hits, 0 errors, 1 left on base; Gwinnett 2 - Las Vegas 1 |
| TOP OF THE 5TH |
|
Gwinnett Braves batting - Pitching for Las Vegas 51s : RHP Felipe Hinojosa
|
|
Batting: RHB Danny Heikkila
|
0-0: Ball 1-0: Reached on error, E3 (Popup, 3S, EV 80.0 MPH)
|
|
Batting: LHB Davey Schonewille
|
0-0: Called Strike 0-1: Ball Danny Heikkila steals 2nd base 1-1: Ground out 6-3 (Groundball, 6, EV 87.5 MPH) Danny Heikkila to third
|
|
Batting: RHB Luis Revilla
|
0-0: Bunted foul Squeeze bunt is on, Danny Heikkila is out 0-2: Ball 1-2: Ball 2-2: Ball 3-2: Ground out 6-3 (Groundball, 6, EV 84.4 MPH)
|
| Top of the 5th over - 0 runs, 0 hits, 1 error, 0 left on base; Gwinnett 2 - Las Vegas 1 |
| BOTTOM OF THE 5TH |
|
Las Vegas 51s batting - Pitching for Gwinnett Braves : RHP Chong-hun Park
|
|
Batting: LHB Ben Goldstein
|
0-0: Foul Ball, location: 2F 0-1: Foul Ball, location: 2F 0-2: Ball 1-2: Ball 2-2: Ball 3-2: Foul Ball, location: 2F 3-2: Ground out 4-3 (Groundball, 34, EV 82.5 MPH)
|
|
Batting: RHB Jordan Martin
|
0-0: DOUBLE (Flyball, 8LXD, EV 100.0 MPH)
|
|
Batting: LHB Adam Hairston
|
0-0: Foul Ball, location: 2F 0-1: Ball 1-1: Foul Ball, location: 2F 1-2: Ball 2-2: Ground out 1-3 (Groundball, 13S, EV 73.1 MPH) Jordan Martin to third
|
|
Batting: SHB Roberto Magne
|
0-0: Ball 1-0: Ball 2-0: Ball 3-0: Base on Balls
|
|
Batting: SHB Josh Schultze
|
0-0: Ground out 4-3 (Groundball, 34D, EV 101.3 MPH)
|
| Bottom of the 5th over - 0 runs, 1 hit, 0 errors, 2 left on base; Gwinnett 2 - Las Vegas 1 |
| TOP OF THE 6TH |
|
Gwinnett Braves batting - Pitching for Las Vegas 51s : RHP Felipe Hinojosa
|
|
Batting: RHB Bill Turnbull
|
0-0: Ball 1-0: Ball 2-0: Foul Ball, location: 2F 2-1: Ground out U3 (Groundball, 3L, EV 105.0 MPH)
|
|
Batting: LHB Otte Klijnsma
|
0-0: Ball 1-0: Ball 2-0: Ball 3-0: Base on Balls
|
|
Batting: RHB Ian Sousa
|
0-0: Called Strike 0-1: Ball 1-1: Called Strike 1-2: Ball 2-2: Fly out, F8 (Flyball, 8RM, EV 86.9 MPH)
|
|
Batting: RHB T.J. Jordan
|
0-0: Ball 1-0: Called Strike 1-1: Called Strike 1-2: Ball 2-2: Ball 3-2: Base on Balls Otte Klijnsma to second
|
|
Batting: LHB Kevin Waddell
|
0-0: Ball 1-0: Ball 2-0: Foul Ball, location: 2F 2-1: Ball 3-1: Base on Balls Otte Klijnsma to third T.J. Jordan to second
|
|
Batting: RHB Ethan McCullough
|
0-0: Called Strike 0-1: Ball 1-1: Ball 2-1: Foul Ball, location: 2F 2-2: Foul Ball, location: 2F 2-2: Ball 3-2: Ground out 4-3 (Groundball, 13, EV 86.3 MPH)
|
| Top of the 6th over - 0 runs, 0 hits, 0 errors, 3 left on base; Gwinnett 2 - Las Vegas 1 |
| BOTTOM OF THE 6TH |
|
Las Vegas 51s batting - Pitching for Gwinnett Braves : RHP Chong-hun Park
|
|
Batting: SHB Billy Encinias
|
0-0: Swinging Strike 0-1: Ground out 4-3 (Groundball, 4, EV 110.6 MPH)
|
|
Batting: LHB Sal Fernandez
|
0-0: Ball 1-0: Ground out 4-3 (Groundball, 4, EV 78.1 MPH)
|
|
Batting: RHB Mike Titus
|
0-0: Ball 1-0: Foul Ball, location: 2F 1-1: Ball 2-1: SINGLE (Groundball, 56D, EV 93.8 MPH)
|
|
Batting: RHB Leon Edwards
|
0-0: Ball 1-0: Ball 2-0: Ball 3-0: Called Strike 3-1: Foul Ball, location: 2F 3-2: Foul Ball, location: 2F 3-2: Foul Ball, location: 2F 3-2: Ground out 6-3 (Groundball, 6, EV 88.8 MPH)
|
| Bottom of the 6th over - 0 runs, 1 hit, 0 errors, 1 left on base; Gwinnett 2 - Las Vegas 1 |
| TOP OF THE 7TH |
|
Gwinnett Braves batting - Pitching for Las Vegas 51s : RHP Felipe Hinojosa
|
|
Batting: RHB Danny Heikkila
|
0-0: Ball 1-0: Foul Ball, location: 2F 1-1: Foul Ball, location: 2F 1-2: Foul Ball, location: 2F 1-2: Strikes out swinging
|
|
Batting: LHB Davey Schonewille
|
0-0: Swinging Strike 0-1: Ball 1-1: Ball 2-1: Ball 3-1: Foul Ball, location: 2F 3-2: Foul Ball, location: 2F 3-2: Foul Ball, location: 2F 3-2: Base on Balls
|
|
Pitching: RHP Paul Schaecher
|
|
|
Batting: RHB Luis Revilla
|
0-0: Ball 1-0: Swinging Strike 1-1: Swinging Strike 1-2: Ball 2-2: Ball 3-2: Strikes out swinging
|
|
Batting: RHB Bill Turnbull
|
0-0: Ball 1-0: Called Strike 1-1: Ball 2-1: Foul Ball, location: 2F 2-2: Fielders Choice at 2nd, 6-4 (Groundball, 6, EV 100.0 MPH)
|
| Top of the 7th over - 0 runs, 0 hits, 0 errors, 1 left on base; Gwinnett 2 - Las Vegas 1 |
| BOTTOM OF THE 7TH |
|
Las Vegas 51s batting - Pitching for Gwinnett Braves : RHP Chong-hun Park
|
|
Batting: LHB Ben Goldstein
|
0-0: Foul Ball, location: 2F 0-1: Ground out 4-3 (Groundball, 4, EV 93.1 MPH)
|
|
Batting: RHB Jordan Martin
|
0-0: Ball 1-0: Ball 2-0: Called Strike 2-1: Called Strike 2-2: Foul Ball, location: 2F 2-2: Ground out 6-3 (Groundball, 56, EV 86.3 MPH)
|
|
Batting: LHB Adam Hairston
|
0-0: Ball 1-0: Ball 2-0: Foul Ball, location: 2F 2-1: Ball 3-1: Called Strike 3-2: SINGLE (Flyball, 5D, EV 91.3 MPH)
|
|
Pitching: RHP Brian Garrett
|
|
|
Batting: SHB Roberto Magne
|
0-0: Called Strike 0-1: 2-RUN HOME RUN (Flyball, 9D, EV 100.0 MPH), Distance : 408 ft
|
|
Batting: SHB Josh Schultze
|
0-0: Ball 1-0: Ball 2-0: SINGLE (Groundball, 56D, EV 99.4 MPH)
|
|
Batting: SHB Billy Encinias
|
0-0: Ground out 1-3 (Groundball, 34S, EV 66.3 MPH)
|
| Bottom of the 7th over - 2 runs, 3 hits, 0 errors, 1 left on base; Gwinnett 2 - Las Vegas 3 |
| TOP OF THE 8TH |
|
Gwinnett Braves batting - Pitching for Las Vegas 51s : RHP Paul Schaecher
|
|
Batting: LHB Otte Klijnsma
|
0-0: Called Strike 0-1: Ground out 4-3 (Groundball, 4, EV 91.3 MPH)
|
|
Batting: RHB Ian Sousa
|
0-0: Called Strike 0-1: Ball 1-1: Foul Ball, location: 2F 1-2: Ball 2-2: Foul Ball, location: 2F 2-2: Ball 3-2: Ground out 6-3 (Groundball, 6, EV 82.5 MPH)
|
|
Batting: RHB T.J. Jordan
|
0-0: Ball 1-0: Foul Ball, location: 2F 1-1: Ball 2-1: Foul Ball, location: 2F 2-2: Ball 3-2: Foul Ball, location: 2F 3-2: Strikes out swinging
|
| Top of the 8th over - 0 runs, 0 hits, 0 errors, 0 left on base; Gwinnett 2 - Las Vegas 3 |
| BOTTOM OF THE 8TH |
|
Las Vegas 51s batting - Pitching for Gwinnett Braves : RHP Brian Garrett
|
|
Batting: LHB Sal Fernandez
|
0-0: Ball 1-0: Fly out, F7 (Flyball, 7, EV 89.4 MPH)
|
|
Batting: RHB Mike Titus
|
0-0: Ball 1-0: Foul Ball, location: 2F 1-1: Called Strike 1-2: Ball 2-2: Ball 3-2: Ground out U3 (Groundball, 34S, EV 83.1 MPH)
|
|
Batting: RHB Leon Edwards
|
0-0: Called Strike 0-1: Fly out, F9 (Flyball, 89S, EV 90.0 MPH)
|
| Bottom of the 8th over - 0 runs, 0 hits, 0 errors, 0 left on base; Gwinnett 2 - Las Vegas 3 |
| TOP OF THE 9TH |
|
Gwinnett Braves batting - Pitching for Las Vegas 51s : RHP Paul Schaecher
|
|
Pitching: RHP Ben Dicks
|
|
|
Now at 1B: Masaya Nakamura
|
|
|
Now at 2B: Adam Hairston
|
|
|
Now in LF: Sal Fernandez
|
|
|
Now in CF: Yoshiro Higuchi
|
|
|
Batting: LHB Kevin Waddell
|
0-0: Called Strike 0-1: Ball 1-1: Foul Ball, location: 2F 1-2: Strikes out looking
|
|
Batting: RHB Ethan McCullough
|
0-0: Ball 1-0: Foul Ball, location: 2F 1-1: SINGLE (Flyball, 8RS, EV 90.6 MPH)
|
|
Batting: RHB Danny Heikkila
|
0-0: Called Strike 0-1: Ball 1-1: Swinging Strike 1-2: Ball 2-2: Foul Ball, location: 2F 2-2: Ball 3-2: Fly out, F7 (Line Drive, 7S, EV 104.4 MPH)
|
|
Batting: LHB Davey Schonewille
|
0-0: Foul Ball, location: 2F 0-1: Foul Ball, location: 2F 0-2: Strikes out swinging
|
| Top of the 9th over - 0 runs, 1 hit, 0 errors, 1 left on base; Gwinnett 2 - Las Vegas 3 |
|